 Dungeon Crawl Stone Soup version 0.32-a0-350-g4f4d228785 (console) character file.

Game seed: 3775521258919987925

1471306 Banquo the Sorcerer (level 27, 228/228 HPs)
             Began as a Djinni Air Elementalist on Feb 17, 2024.
             Escaped with the Orb
             ... and 3 runes on Feb 20, 2024!
             The game lasted 08:26:18 (93652 turns).

Banquo the Sorcerer (Djinni Air Elementalist)      Turns: 93652, Time: 08:26:19

Health: 228/228    AC:  0    Str:  6 (7)  XL:     27
Gold:   5263       EV: 18    Int: 26 (28) God:
                   SH:  0    Dex: 14 (17)

rFire   + + .        (no weapon)
rCold   . . .        (no shield)
rNeg    . . .        (no body armour)
rPois   ∞            (no helmet)
rElec   .            (no cloak)
rCorr   .            (no gloves)
SInv    .            (boots unavailable)
Will    +++..        (no amulet)
Stlth   +            R - ring of Wesiup {rC+ Will+}
HPRegen 0.58/turn    (no ring)
MPRegen 0.00/turn

%: no passive effects
@: flying, studying Throwing
A: sickness immunity, fire resistance 2, cold vulnerability 1, float, innate
caster, HP casting, extra vitality 1, subdued magic 1
0: Orb of Zot
}: 3/15 runes: serpentine, barnacled, silver
a: no special abilities


You escaped.
You visited 11 branches of the dungeon, and saw 52 of its levels.
You also visited: Sewer, Ice Cave and Desolation.

You collected 8265 gold pieces.
You spent 3002 gold pieces at shops.

Inventory:

Hand Weapons
 b - a +3 rapier of electrocution
 j - the +10 scimitar of the Shrinking Firefly {protect, rElec rC++ Str+3}
   (You found it on level 3 of the Depths)

   Str+3:     It affects your strength (+3).
   rC++:      It greatly protects you from cold.
   rElec:     It insulates you from electricity.
 x - a +2 rapier of speed
Armour
 J - a +2 pair of gloves
Magical Staves
 y - a staff of air
Jewellery
 R - the ring of Wesiup (left hand) {rC+ Will+}
   (You took it off an orc on level 3 of the Elven Halls)

   [ring of willpower]

   rC+:       It protects you from cold.
   Will+:     It increases your willpower.
Wands
 t - a wand of roots (56)
 u - a wand of flame (14)
 D - a wand of digging (10)
 H - a wand of quicksilver (56)
 K - a wand of charming (7)
 P - a wand of mindburst (16)
Scrolls
 l - 8 scrolls of fear
 o - 27 scrolls of teleportation
 q - a scroll of immolation
 w - 11 scrolls of poison
 A - 5 scrolls of fog
 E - 6 scrolls of enchant armour
 G - 2 scrolls of blinking
 I - a scroll of acquirement
 M - 2 scrolls of enchant weapon
 N - 10 scrolls of butterflies
 O - 5 scrolls of noise
 V - 2 scrolls of silence
Potions
 c - 4 potions of haste
 f - 3 potions of resistance
 m - a potion of lignification
 n - 9 potions of brilliance
 r - 22 potions of curing
 v - 3 potions of ambrosia
 B - 7 potions of enlightenment
 C - 2 potions of berserk rage
 F - 15 potions of heal wounds
 Q - 6 potions of might
 T - 4 potions of invisibility
 X - 5 potions of cancellation
 Y - 20 potions of mutation
Miscellaneous
 p - a sack of spiders
 s - a lightning rod (4/4)
 S - a phantom mirror


   Skills:
 - Level 24.3(20.3) Fighting
 - Level 3.4(2.3) Short Blades
 - Level 5.0(2.7) Long Blades
 - Level 12.0(8.0) Armour
 + Level 17.4(13.4) Dodging
 - Level 1.5(0.7) Stealth
 - Level 18.3(14.3) Shields
 - Level 25.0(21.0) Spellcasting
 - Level 25.0(21.0) Conjurations
 - Level 25.0(21.0) Hexes
 - Level 25.0(21.0) Summonings
 - Level 25.0(21.0) Necromancy
 - Level 25.0(21.0) Translocations
 - Level 25.0(21.0) Fire Magic
 - Level 25.0(21.0) Ice Magic
 - Level 25.0(21.0) Air Magic
 - Level 25.0(21.0) Earth Magic
 - Level 25.0(21.0) Alchemy
 - Level 14.1(10.1) Invocations


You knew the following spells:

 Your Spells              Type           Power      Damage    Failure   Level
a - Shock                 Conj/Air       100%       1d9       0%          1
b - Ensorcelled Hibernat  Hex/Ice        100%       N/A       0%          2
c - Freezing Cloud        Conj/Ice/Air   40%        6-21      0%          5
d - Static Discharge      Conj/Air       100%       3-8/arc   0%          2
f - Foxfire               Conj/Fire      100%       2x1d9     0%          1
g - Eringya's Noxious Bo  Alch           40%        4d6       1%          6
l - Conjure Ball Lightni  Conj/Air       40%        3x3d13    1%          6
m - Maxwell's Capacitive  Air            40%        ∞         1%          8
o - Orb of Destruction    Conj           40%        9d11      1%          7
t - Tukima's Dance        Hex            81%        N/A       0%          3
v - Borgnjor's Vile Clut  Necr/Erth      40%        N/A       0%          5
z - Airstrike             Air            40%        2d(6-22)  0%          4
A - Anguish               Hex/Necr       40%        N/A       0%          4
C - Dragon's Call         Summ           40%        N/A       22%         9
D - Discord               Hex            40%        N/A       1%          8
E - Death's Door          Necr           40%        N/A       22%         9
M - Swiftness             Air            81%        N/A       0%          3
Your spell library was empty.

Dungeon Overview and Level Annotations

Branches:
Dungeon (15/15)            Temple (1/1) D:4            Lair (5/5) D:8
 Shoals (4/4) Lair:3        Snake (4/4) Lair:2        Slime (4/5) Lair:5
    Orc (2/2) D:11            Elf (3/3) Orc:2        Vaults (5/5) D:14
  Crypt (0/3) Vaults:3     Depths (4/4) D:15            Zot (5/5) Depths:4
  Sewer (visited)           IceCv (visited)         Desolation (visited)

Altars:
Ashenzari
Cheibriados
Dithmenos
Elyvilon
Fedhas
Gozag
Hepliaklqana
Makhleb
Nemelex Xobeh
Okawaru
Qazlal
Ru
Trog
Uskayaw
Wu Jian
Xom
Yredelemnul
Zin
The Shining One
Jiyva

Shops:
D:2 (   D:6 *   D:13 ?(?*   Orc:2 [((*(?:   Shoals:1 (   Depths:3 *
Depths:4 [

Portals:
Hell: Depths:1 Depths:2 Depths:3 Depths:4
Abyss: Depths:2 Depths:3 Depths:4
Pandemonium: Depths:1 Depths:2
Ziggurat: Depths:1

Annotations:
Elf:2 3 runed translucent doors
Depths:1 3 runed translucent doors, zenocrate's ghost, adept OpDe
Zot:2 36 runed translucent doors, Civybe Ogenn's ghost, legendary DsFi; Lethruas's ghost, veteran MfBe; Siopp's ghost, legendary DsFi; Uxisash's ghost, veteran DrIE


Innate Abilities, Weirdness & Mutations

You are immune to sickness and miasma.
You are immune to poison.
Your flesh is very heat resistant. (rF++)
You are vulnerable to cold. (rC-)
You float through the air rather than walking.
You learn spells naturally, not from books.
Your magical power is your life essence.
You have superior vitality. (+4 MHP)
Your spells are a little easier to cast, but a little less powerful.


Message History

(D) Dungeon (T) Temple (L) Lair (A) Shoals (P) Snake Pit (M) Slime Pits (O) Orcish Mines (E) Elven Halls (V) Vaults (C) Crypt (U) Depths (H) Hell (Z) Zot
Where to? (* - list waypoints, Tab/Enter - D:1, ? - help)
You fly upwards.
There is a stone staircase leading down here.
You sense a monster nearby.
A shadow demon comes into view.
There is a stone staircase leading up here.
You fly upwards.
There is a stone staircase leading down here.
(D) Dungeon (T) Temple (L) Lair (A) Shoals (P) Snake Pit (M) Slime Pits (O) Orcish Mines (E) Elven Halls (V) Vaults (C) Crypt (U) Depths (H) Hell (Z) Zot
Where to? (* - list waypoints, Tab/Enter - D:1, ? - help)
There is a stone staircase leading up here.
You fly upwards.
There is a stone staircase leading down here.
There is a stone staircase leading up here.
You fly upwards.
There is a stone staircase leading down here.
There is a stone staircase leading up here.
You fly upwards.
There is a stone staircase leading down here.
There is a staircase leading out of the dungeon here.
Really renounce your faith, foregoing its fabulous benefits?
Are you sure?
You have lost your religion!
Ashenzari does not appreciate desertion!
Your curses shatter.
You feel strangely numb.
You feel less resistant to cold.
You feel stupid.
You feel hot and cold all over.
Unknown command.
Unknown command.
Unknown command.
Enter note: woot You have escaped!

.................##............##
....>......##....##....##........
...........##..........##.[......
......##.........................
.....)##...................##....
...........................##....
#.........)......................
....##..........................#
....##..........@...........##..#
...)............>....)......##..#
.........................)...)...
.....##..........................
#....##...................##.....
..........................##.....
.........##..........##..........
.###.....##....##....##..........
.####..........##............##..


There were no monsters in sight!

Vanquished Creatures
  A dread lich (Vaults:1)
  An ancient lich (Vaults:5)
  11 orbs of fire
  Mara (Vaults:1)
  3 Killer Klowns (Zot:5)
  Nikola (Vaults:1)
  Jory (Vaults:3)
  9 golden dragons
  A profane servitor (D:11)
  3 Tzitzimimeh
  2 electric golems
  2 Ice Fiends
  9 tentacled monstrosities
  A deep elf blademaster (Elf:3)
  5 liches
  5 quicksilver dragons
  16 Orb Guardians
  A deep elf master archer (Elf:3)
  3 titans (Vaults:5)
  6 acid blobs
  3 sphinxes
  8 death cobs
  6 storm dragons
  Aizul (Elf:3)
  6 tengu reavers
  A kraken (Shoals:2)
  7 shadow dragons
  3 draconian monks (Zot:2)
  5 nagarajas (Snake:4)
  An azure jelly (Slime:2)
  Roxanne (Snake:1)
  8 draconian knights
  9 frost giants
  8 fire giants
  Ilsuiw (Shoals:2)
  11 deep elf sorcerers
  15 vault wardens
  2 deep elf elementalists (Elf:3)
  8 draconian shifters
  A ghost moth (Zot:1)
  4 draconian stormcallers
  6 draconian scorchers
  A reaper (Zot:5)
  An orc warlord (Vaults:2)
  6 draconian annihilators
  21 ironbound preservers
  2 formless jellyfish
  11 stone giants
  3 quicksilver oozes
  4 ironbound thunderhulks
  2 vampire knights
  The ghost of Asceticacid the Severer, a journeyman MiBe of Trog (D:13)
  4 green draconians
  6 deep elf demonologists
  24 very ugly things
  3 spark wasps
  8 deep elf death magi
  A halazid warlock (Desolation)
  5 deep elf annihilators (Elf:3)
  4 white draconians
  7 purple draconians
  16 yellow draconians
  16 red draconians
  13 dire elephants
  4 war gargoyles
  4 black draconians
  5 ettins
  The ghost of jestert79 the Grappler, a journeyman DrNe of Uskayaw (Lair:2)
  A crystal guardian (Vaults:2)
  5 merfolk javelineers
  2 jiangshi (Depths:1)
  17 yaktaur captains
  8 fire dragons
  A green death (Depths:2)
  19 merfolk impalers
  Josephine (D:13)
  A spriggan zombie (Depths:2)
  6 deep elf high priests
  Harold (D:11)
  8 great orbs of eyes
  3 ragged hierophants (Desolation)
  8 ice dragons
  6 vault guards
  3 entropy weavers
  4 rakshasas
  2 merfolk avatars
  A servant of whispers (Elf:2)
  5 salamander tyrants (Snake:4)
  3 peacekeepers
  2 sphinx zombies
  6 ogre magi
  The ghost of Myasimauvo the Eclecticist, a journeyman DEHW of Vehumet (D:14)
  24 centaur warriors
  A radroach (Zot:5)
  8 ironbound frosthearts
  A catoblepas (Lair:5)
  8 hydras
  Erica (D:11)
  4 alligator snapping turtles
  3 spriggan air magi
  15 anacondas
  21 two-headed ogres
  A death knight (D:14)
  6 boulder beetles
  5 deep troll earth magi
  12 dancing weapons
  6 merfolk aquamancers
  A two-headed ogre (shapeshifter) (Vaults:5)
  A vampire mage (Depths:1)
  14 naga warriors
  6 tengu warriors
  8 deep troll shamans
  4 death yaks
  3 spriggan berserkers (Depths:1)
  A shock serpent (shapeshifter) (Vaults:5)
  17 naga sharpshooters
  2 orc high priests
  A soul eater (Depths:1)
  11 deep elf knights
  15 hell knights
  4 shock serpents
  11 iron trolls
  7 salamander mystics
  4 skysharks
  A storm dragon skeleton (Depths:1)
  2 shadow wraiths
  A sixfirhy (Depths:1)
  4 skeletal warriors (Depths:3)
  61 deep trolls
  2 flayed ghosts
  9 sea snakes
  2 bog bodies (IceCv)
  9 arcanists
  Lodul (D:12)
  An orange crystal statue (Elf:2)
  5 glowing orange brains
  11 lindwurms
  9 mana vipers
  9 phantasmal warriors
  11 deep elf archers
  9 naga ritualists
  A harpy (shapeshifter) (D:14)
  33 deep elf pyromancers
  15 ironbound convokers
  11 necromancers
  12 harpies
  24 deep elf zephyrmancers
  8 orc knights
  A spectral wolf spider (D:13)
  A tengu skeleton (Depths:2)
  52 ugly things
  20 salamanders
  A sphinx simulacrum (Depths:2)
  25 manticores
  3 fauns (Shoals:1)
  An elf skeleton (Vaults:3)
  4 oklob plants (Lair:5)
  A manticore (shapeshifter) (Depths:4)
  8 cyclopes
  5 orc sorcerers
  15 elephants
  3 spectral centaurs (D:13)
  2 human skeletons
  31 black mambas
  An iron dragon skeleton (Depths:2)
  17 moths of wrath
  7 guardian serpents
  6 water nymphs
  2 ice statues
  A stone giant skeleton (Depths:1)
  14 merfolk sirens
  23 vault sentinels
  2 torpor snails
  A smoke demon (Zot:1)
  A molten gargoyle (Desolation)
  A gargoyle (D:14)
  14 cane toads
  13 naga magi
  An orange demon (Orc:2)
  2 human zombies
  8 rime drakes
  A spark wasp simulacrum (Depths:1)
  A kobold demonologist (D:12)
  15 komodo dragons
  35 yaktaurs
  3 ice devils
  A tormentor (Depths:1)
  A tengu conjurer (Depths:3)
  A spectral harpy (D:13)
  2 harpy zombies (Shoals:3)
  3 freezing wraiths
  A queen bee (shapeshifter) (D:15)
  3 trolls
  4 hornets
  A tengu simulacrum (Vaults:4)
  6 polar bears
  11 blink frogs
  48 merfolk
  A nameless horror (Slime:1)
  20 saltlings
  A raiju (Orc:2)
  8 snapping turtles
  6 wind drakes
  3 glass eyes
  2 dream sheep (Lair:5)
  6 air elementals
  A fire giant simulacrum (Vaults:2)
  A shadow (D:13)
  30 slime creatures
  2 centaur simulacra (D:13)
  4 wraiths (D:13)
  35 water elementals
  An elf zombie (Vaults:2)
  A spriggan (shapeshifter) (D:14)
  4 spriggans
  64 yaks
  5 wyverns
  4 basilisks
  A fire bat (Orc:2)
  3 death yak simulacra (IceCv)
  2 fire elementals
  4 wargs
  5 golden eyes (Slime:1)
  2 steam dragons
  6 vampire mosquitoes
  9 redbacks
  A steam dragon (shapeshifter) (D:12)
  2 human simulacra (Vaults:3)
  A harpy simulacrum (IceCv)
  38 nagas
  A hydra simulacrum (IceCv)
  A hell hound (Orc:2)
  2 acid dragons
  11 ice beasts
  17 water moccasins
  2 manticore zombies (Shoals:3)
  21 orc warriors
  34 ogres
  17 centaurs
  3 black bears
  6 boggarts
  A crocodile (Sewer)
  A centaur (shapeshifter) (Vaults:5)
  7 wolves
  2 phantoms
  Blork the orc (D:4)
  7 kobold brigands
  A gnoll sergeant (D:5)
  9 bullfrogs
  4 cane toad simulacra (IceCv)
  6 two-headed ogre simulacra (IceCv)
  2 earth elementals
  A hornet simulacrum (D:13)
  2 elephant simulacra (IceCv)
  4 killer bees (D:10)
  2 howler monkeys
  2 electric eels
  3 bombardier beetles
  3 hounds
  A spectral boggart (D:13)
  18 orc priests
  26 jellies
  2 iguanas
  18 orc wizards
  2 polar bear simulacra (IceCv)
  6 spriggan simulacra (IceCv)
  4 troll simulacra (IceCv)
  A wolf simulacrum (IceCv)
  14 gnolls
  8 adders
  5 naga simulacra (IceCv)
  24 white imps
  9 ufetubi
  2 dart slugs (D:1)
  11 ribbon worms
  98 orcs
  4 bats
  A bat zombie (Shoals:3)
  7 endoplasms
  4 giant cockroaches
  8 goblins
  8 hobgoblins
  37 kobolds
  4 quokkas
  11 ball pythons
  6 frilled lizards
  10 rats
  An aspiring flesh (Zot:5)
  4 tentacles (Shoals:2)
2185 creatures vanquished.

Vanquished Creatures (collateral kills)
  Dissolution (Slime:1)
  A Killer Klown (Zot:5)
  2 golden dragons (Zot:4)
  The ghost of Sisit the Cloud Mage, an adept DjCj of Makhleb (Depths:3)
  A Tzitzimitl (Zot:5)
  An electric golem (Zot:5)
  A tentacled monstrosity (Zot:1)
  11 Orb Guardians (Zot:5)
  A lich (Depths:3)
  A walking divine tome (Depths:3)
  6 acid blobs
  A titan (Vaults:5)
  A death cob (Zot:2)
  A tengu reaver (Vaults:5)
  6 storm dragons
  3 draconian knights
  A rockslime (Slime:3)
  A draconian monk (Zot:3)
  4 draconian shifters
  3 azure jellies
  2 protean progenitors (Zot:5)
  6 draconian scorchers
  A deep elf sorcerer (Vaults:5)
  A balrug (D:9)
  A vault warden (Vaults:5)
  A formless jellyfish (Slime:3)
  An ironbound preserver (Vaults:5)
  A draconian stormcaller (Zot:1)
  A stone giant (Vaults:5)
  9 very ugly things (Vaults:5)
  9 draconian annihilators
  5 white draconians
  5 green draconians
  5 black draconians
  2 purple draconians (Zot:1)
  7 red draconians
  8 yellow draconians
  2 ettins (Vaults:5)
  A deep elf high priest (Vaults:5)
  A fire dragon (Depths:3)
  A green death (Zot:5)
  2 great orbs of eyes
  A yaktaur captain (Vaults:5)
  21 vault guards (Vaults:5)
  A radroach (Zot:5)
  A boulder beetle (Vaults:4)
  An occultist (Depths:3)
  3 hell knights (Vaults:5)
  An orb spider (Zot:5)
  An ironbound convoker (Vaults:5)
  A necromancer (Vaults:5)
  An orc knight (Vaults:5)
  2 phantasmal warriors (Vaults:5)
  2 ugly things (Vaults:5)
  11 moths of wrath
  A smoke demon (Zot:4)
  2 tengu conjurers (Depths:3)
  A troll (Vaults:5)
  A glass eye (Slime:2)
  11 slime creatures
  A neqoxec (Zot:5)
  An orc warrior (Vaults:5)
  An ogre (Vaults:5)
  8 jellies (Zot:4)
  2 orcs (Vaults:5)
  An aspiring flesh (Zot:5)
197 creatures vanquished.

Vanquished Creatures (others)
  A draconian knight (Zot:1)
  A black draconian (Zot:1)
  A white draconian (Zot:1)
  A red draconian (Zot:1)
  2 vault guards (Vaults:5)
  2 hell knights (Vaults:5)
  A dancing weapon (D:9)
  A moth of wrath (Zot:4)
  2 manticores (Shoals:4)
  2 slime creatures (Vaults:4)
  230 ball lightnings
  211 foxfires
  13 tentacles (Shoals:2)
468 creatures vanquished.

Grand Total: 2850 creatures vanquished

Notes
Turn   | Place    | Note
-------+----------+-------------------------------------------
     0 | D:1      | Banquo the Djinni Air Elementalist began the quest for the
                  | Orb.
     0 | D:1      | Banquo set off with the following spells memorised: Shock,
                  | Static Discharge, Swiftness, Airstrike.
     0 | D:1      | Reached XP level 1. HP: 15/15 MP: 0/0
    93 | D:1      | Found Ylom's Distillery.
    97 | D:1      | Reached XP level 2. HP: 20/22 MP: 0/0
    99 | D:1      | Reached skill level 1 in Fighting
   162 | D:1      | Reached XP level 3. HP: 22/27 MP: 0/0
   162 | D:1      | Learned a level 1 spell: Foxfire
   348 | D:1      | You are sucked into a shaft and drop 1 floor!
   349 | D:2      | Found Rohiwk's Antique Weapon Emporium.
   429 | D:1      | Reached XP level 4. HP: 11/33 MP: 0/0
  1160 | D:2      | Reached XP level 5. HP: 35/39 MP: 0/0
  1160 | D:2      | Learned a level 2 spell: Ensorcelled Hibernation
  1611 | D:2      | Found a faded altar of an unknown god.
  1613 | D:2      | Prayed at the altar of an unknown god.
  1613 | D:2      | Became a worshipper of Ashenzari the Shackled
  1961 | D:3      | Reached skill level 1 in Shields
  2165 | D:3      | Reached XP level 6. HP: 38/46 MP: 0/0
  2567 | D:4      | Noticed Blork the orc
  2574 | D:4      | Killed Blork the orc
  2739 | D:4      | Reached * piety under Ashenzari
  2998 | D:4      | Reached XP level 7. HP: 48/53 MP: 0/0
  2998 | D:4      | Learned a level 3 spell: Tukima's Dance
  3703 | D:4      | Found a staircase to the Ecumenical Temple.
  3712 | Temple   | Entered the Ecumenical Temple
  3766 | D:5      | Entered Level 5 of the Dungeon
  4138 | D:5      | Found a shimmering altar of Xom.
  4177 | D:5      | Reached XP level 8. HP: 52/59 MP: 0/0
  4342 | D:5      | Reached skill level 5 in Spellcasting
  4342 | D:5      | Reached skill level 5 in Conjurations
  4342 | D:5      | Reached skill level 5 in Hexes
  4342 | D:5      | Reached skill level 5 in Summonings
  4342 | D:5      | Reached skill level 5 in Necromancy
  4342 | D:5      | Reached skill level 5 in Translocations
  4342 | D:5      | Reached skill level 5 in Fire Magic
  4342 | D:5      | Reached skill level 5 in Ice Magic
  4342 | D:5      | Reached skill level 5 in Air Magic
  4342 | D:5      | Reached skill level 5 in Earth Magic
  4342 | D:5      | Reached skill level 5 in Alchemy
  4624 | D:5      | Reached skill level 5 in Dodging
  5036 | D:6      | Reached skill level 5 in Fighting
  5215 | D:6      | Found a glowing drain.
  5256 | Sewer    | Entered a sewer
  5349 | Sewer    | Reached XP level 9. HP: 19/66 MP: 0/0
  5349 | Sewer    | Learned a level 4 spell: Anguish
  6033 | D:6      | Reached ** piety under Ashenzari
  6309 | D:6      | Reached skill level 5 in Shields
  6458 | D:6      | Found Ilemuig's Assorted Antiques.
  6588 | D:6      | Found a shadowy altar of Dithmenos.
  7632 | D:8      | Reached XP level 10. HP: 64/76 MP: 0/0
  8253 | D:8      | Noticed a rime drake
  8256 | D:8      | Killed a rime drake
  8800 | D:8      | Found a staircase to the Lair.
  9252 | D:8      | Reached XP level 11. HP: 72/84 MP: 0/0
  9252 | D:8      | Learned a level 5 spell: Borgnjor's Vile Clutch
  9755 | D:9      | Found a sparkling altar of Nemelex Xobeh.
 10007 | D:9      | Reached skill level 1 in Short Blades
 10098 | D:9      | Noticed a two-headed ogre
 10140 | Lair:1   | Entered Level 1 of the Lair of Beasts
 11046 | Lair:1   | Reached *** piety under Ashenzari
 11440 | Lair:1   | Reached XP level 12. HP: 65/93 MP: 0/0
 12229 | Lair:2   | Found a runed translucent door.
 12387 | Lair:2   | Reached skill level 10 in Fighting
 12739 | Lair:2   | Reached skill level 10 in Spellcasting
 12739 | Lair:2   | Reached skill level 10 in Conjurations
 12739 | Lair:2   | Reached skill level 10 in Hexes
 12739 | Lair:2   | Reached skill level 10 in Summonings
 12739 | Lair:2   | Reached skill level 10 in Necromancy
 12739 | Lair:2   | Reached skill level 10 in Translocations
 12739 | Lair:2   | Reached skill level 10 in Fire Magic
 12739 | Lair:2   | Reached skill level 10 in Ice Magic
 12739 | Lair:2   | Reached skill level 10 in Air Magic
 12739 | Lair:2   | Reached skill level 10 in Earth Magic
 12739 | Lair:2   | Reached skill level 10 in Alchemy
 13267 | Lair:2   | Noticed jestert79's ghost (journeyman DrNe)
 13439 | Lair:2   | Found a staircase to the Snake Pit.
 13719 | Lair:2   | Noticed a skyshark
 13813 | Lair:2   | Killed a skyshark
 14314 | Lair:2   | Reached XP level 13. HP: 76/102 MP: 0/0
 14314 | Lair:2   | Learned a level 5 spell: Freezing Cloud
 14969 | Lair:3   | Noticed a four-headed hydra
 14972 | Lair:3   | Killed a four-headed hydra
 15176 | Lair:3   | Found a staircase to the Shoals.
 15364 | Lair:3   | Noticed a five-headed hydra
 15367 | Lair:3   | Killed a five-headed hydra
 16703 | Lair:3   | Found a staircase to the Shoals.
 17630 | Lair:4   | Found a burning altar of Makhleb.
 18159 | Lair:5   | Entered Level 5 of the Lair of Beasts
 18159 | Lair:5   | Noticed an eight-headed hydra
 18519 | Lair:5   | Reached skill level 1 in Armour
 18634 | Lair:5   | Found a frozen archway.
 18643 | IceCv    | Entered an ice cave
 18730 | IceCv    | Identified a scroll of acquirement
 20081 | IceCv    | Reached XP level 14. HP: 41/112 MP: 0/0
 20770 | IceCv    | Identified Naih Imid's Enchiridion on Glaciation
 21807 | Lair:5   | Identified the +3 great sword of Chagrin {pain, rElec rF+++
                  | rC+ Int-3}
 22549 | Lair:5   | Reached **** piety under Ashenzari
 22654 | Lair:5   | Found a viscous altar of Jiyva.
 22660 | Lair:5   | Found a staircase to the Slime Pits.
 24299 | Lair:5   | Noticed a dire elephant
 24309 | Lair:5   | Killed a dire elephant
 24703 | Lair:5   | Reached skill level 5 in Armour
 24703 | Lair:5   | Reached XP level 15. HP: 85/120 MP: 0/0
 24703 | Lair:5   | Learned a level 6 spell: Eringya's Noxious Bog
 25668 | D:9      | Reached skill level 10 in Dodging
 25772 | D:9      | Found a hide-covered altar of Uskayaw.
 25775 | D:9      | Found a sacrificial altar of Ru.
 25777 | D:9      | Found a hazy altar of Hepliaklqana.
 25779 | D:9      | Found a burning altar of Makhleb.
 25780 | D:9      | Found a glowing silver altar of Zin.
 25780 | D:9      | Found an opulent altar of Gozag.
 25954 | D:10     | Entered Level 10 of the Dungeon
 26120 | D:10     | Reached ***** piety under Ashenzari
 26745 | D:11     | Noticed Harold
 26746 | D:11     | Noticed Erica
 26753 | D:11     | Killed Erica
 26756 | D:11     | Killed Harold
 26893 | D:11     | Identified the +0 pair of boots "Wyakk" {rC+ Will+}
 26958 | D:11     | Reached skill level 10 in Shields
 27771 | D:11     | Found a staircase to the Orcish Mines.
 28675 | D:11     | Found a staircase to the Orcish Mines.
 29366 | D:12     | Identified the +5 ring mail of the Gate {-Cast rC+ Str+3}
 29734 | D:12     | Noticed Lodul
 29777 | D:12     | Killed Lodul
 29850 | D:12     | Identified the +5 spear of Righteous Fury {flame, rN+ Will-
                  | Str+7 Dex-5}
 31107 | Orc:1    | Entered Level 1 of the Orcish Mines
 31650 | Orc:2    | Entered Level 2 of the Orcish Mines
 31750 | Orc:2    | Found a staircase to the Elven Halls.
 32104 | Orc:2    | Found Ytotorhu's Book Boutique.
 32112 | Orc:2    | Found Omais Lio's Magic Scroll Shoppe.
 32498 | Orc:2    | Reached XP level 16. HP: 115/129 MP: 0/0
 32831 | Orc:2    | Found Deziuroepp's Weapon Emporium.
 32981 | Orc:2    | Found Oheluap's Antique Weapon Shoppe.
 32981 | Orc:2    | Found Otuekh's Assorted Antiques.
 32982 | Orc:2    | Found Acryfaab's Antique Armour Shop.
 32982 | Orc:2    | Found Juthah's Weapon Shoppe.
 32992 | Orc:2    | Bought an ichor-stained scale mail for 261 gold pieces
 32992 | Orc:2    | Identified the +6 scale mail of the Unbroken {rCorr Int+4}
                  | (You bought it in a shop on level 2 of the Orcish Mines)
 33146 | Orc:2    | Found a shimmering altar of Xom.
 33406 | Orc:2    | Bought a white potion for 28 gold pieces
 33408 | Orc:2    | Bought a fading mace for 184 gold pieces
 33408 | Orc:2    | Identified the +6 mace of Jiugif {heavy, Will+ Int+2} (You
                  | bought it in a shop on level 2 of the Orcish Mines)
 33659 | D:13     | Found Ysozod's Magic Scroll Shop.
 33666 | D:13     | Bought a scroll of blinking for 135 gold pieces
 33871 | D:13     | Found a runed translucent gate.
 33871 | D:13     | Found a runed translucent gate.
 33873 | D:13     | Found a runed translucent gate.
 33881 | D:13     | Noticed Asceticacid's ghost (journeyman MiBe)
 33922 | D:13     | Found Itaj's Weapon Emporium.
 33929 | D:13     | Found Wereki's Magic Scroll Shoppe.
 34028 | D:13     | Noticed Josephine
 34251 | D:13     | Killed Josephine
 34361 | D:13     | Found Pydoorgh's Assorted Antiques.
 34366 | D:13     | Bought a wavering ruby amulet for 170 gold pieces
 34366 | D:13     | Identified the amulet of Gulust {Faith rPois rCorr Dex-2}
                  | (You bought it in a shop on level 13 of the Dungeon)
 34820 | D:14     | Found a gate to the Vaults.
 35158 | D:14     | Found a runed translucent door.
 35160 | D:14     | Noticed Myasimauvo's ghost (journeyman DEHW)
 35161 | D:14     | Identified the +8 spear of Qacve {heavy, Str+4}
 35421 | D:14     | Reached skill level 15 in Fighting
 36900 | D:15     | Entered Level 15 of the Dungeon
 37309 | D:15     | Found a glowing silver altar of Zin.
 37369 | D:15     | Reached XP level 17. HP: 104/137 MP: 0/0
 37369 | D:15     | Learned a level 6 spell: Conjure Ball Lightning
 37370 | D:15     | Identified the +0 helmet of Dytovuz {Stlth+}
 37743 | D:15     | Found a staircase to the Depths.
 38000 | Snake:1  | Entered Level 1 of the Snake Pit
 38331 | Snake:1  | Noticed Roxanne
 38494 | Snake:1  | Reached skill level 10 in Armour
 39695 | Snake:2  | Found a hide-covered altar of Uskayaw.
 40087 | Snake:2  | Reached skill level 15 in Spellcasting
 40087 | Snake:2  | Reached skill level 15 in Conjurations
 40087 | Snake:2  | Reached skill level 15 in Hexes
 40087 | Snake:2  | Reached skill level 15 in Summonings
 40087 | Snake:2  | Reached skill level 15 in Necromancy
 40087 | Snake:2  | Reached skill level 15 in Translocations
 40087 | Snake:2  | Reached skill level 15 in Fire Magic
 40087 | Snake:2  | Reached skill level 15 in Ice Magic
 40087 | Snake:2  | Reached skill level 15 in Air Magic
 40087 | Snake:2  | Reached skill level 15 in Earth Magic
 40087 | Snake:2  | Reached skill level 15 in Alchemy
 41028 | Snake:3  | Reached XP level 18. HP: 129/146 MP: 0/0
 41269 | Snake:3  | Identified the Collected Works on the Barrage
 42139 | Snake:4  | Entered Level 4 of the Snake Pit
 44184 | Snake:4  | Got a serpentine rune of Zot
 44621 | Elf:1    | Entered Level 1 of the Elven Halls
 44642 | Elf:1    | Reached XP level 19. HP: 100/153 MP: 0/0
 44642 | Elf:1    | Learned a level 7 spell: Orb of Destruction
 44849 | Elf:1    | Identified the Anthology of Rallied Impulse
 46276 | Elf:2    | Found a crumbling gateway.
 46393 | Desolati | Entered the Desolation of Salt
 47223 | Elf:2    | Found a runed translucent gate.
 47223 | Elf:2    | Found a runed translucent gate.
 47223 | Elf:2    | Found a runed translucent gate.
 47805 | Snake:1  | Killed Roxanne
 47920 | Lair:2   | Killed jestert79's ghost
 48142 | D:13     | Killed Asceticacid's ghost
 48263 | D:14     | Killed Myasimauvo's ghost
 48637 | Elf:3    | Entered Level 3 of the Elven Halls
 49186 | Elf:3    | Reached XP level 20. HP: 149/162 MP: 0/0
 49900 | Elf:3    | Paralysed by an air elemental for 1 turns
 50392 | Elf:3    | Identified the serpent talisman "Koci Fal" {rElec}
 50392 | Elf:3    | Noticed Aizul
 50404 | Elf:3    | Killed Aizul
 50720 | Elf:3    | Identified the +5 chain mail of the Iron Devil {Rampage
                  | rF+++ rCorr Str-2}
 50793 | Elf:3    | Identified the +4 troll leather armour "Naloinu" {Regen+
                  | Dex+3}
 51001 | Elf:3    | Identified the +0 ring mail of Generosity {Dex+4}
 51001 | Elf:3    | Identified the ring of Wesiup {rC+ Will+}
 51004 | Elf:3    | Identified the ring of Idunibb {*Slow rElec rN+ Dex+7}
 51609 | Elf:3    | Identified Dopseiqo's Annotations on Geomancy and Arcane
                  | Weapons
 51683 | Elf:3    | Identified the Papyrus of Cryomancy and Excavation
 51736 | Elf:3    | Identified the +0 ring mail of the Writhing Gods {rPois}
 51742 | Elf:3    | Identified the Spellbook of the Deviated Necropsy
 52389 | Shoals:1 | Entered Level 1 of the Shoals
 53109 | Shoals:1 | Found Oschy's Antique Weapon Shoppe.
 54579 | Shoals:2 | Noticed Ilsuiw
 54585 | Shoals:2 | Killed Ilsuiw
 54586 | Shoals:2 | Reached XP level 21. HP: 126/171 MP: 0/0
 54586 | Shoals:2 | Learned a level 8 spell: Maxwell's Capacitive Coupling
 56258 | Shoals:4 | Entered Level 4 of the Shoals
 57347 | Shoals:4 | Identified the ring of Heresy {rN+ Dex+6}
 58630 | Shoals:4 | Got a barnacled rune of Zot
 58898 | Shoals:4 | Found the +7 mace of Variability {chaos, chaos arc}
 59517 | Vaults:1 | Entered Level 1 of the Vaults
 59517 | Vaults:1 | Identified the ring "Noesyro" {+Blink rPois Slay-3 SInv}
 61190 | Vaults:1 | Reached XP level 22. HP: 144/180 MP: 0/0
 61709 | Vaults:1 | Noticed Nikola
 61716 | Vaults:1 | Killed Nikola
 61828 | Vaults:1 | Noticed a dread lich
 61935 | Vaults:1 | Killed a dread lich
 62474 | Vaults:2 | Noticed Mara
 62481 | Vaults:1 | Killed Mara
 63473 | Vaults:2 | Identified the +7 trident of the Warrior {freeze, *Rage
                  | rElec rCorr Dex+7}
 63838 | Vaults:2 | Identified the +5 sling of Dim Light {heavy, Fly rPois
                  | Str+2}
 63858 | Vaults:2 | Reached XP level 23. HP: 182/188 MP: 0/0
 63858 | Vaults:2 | Learned a level 8 spell: Discord
 64546 | Vaults:3 | Noticed Jory
 65615 | Vaults:3 | Found a staircase to the Crypt.
 65615 | Vaults:3 | Found a basalt altar of Yredelemnul.
 65794 | Vaults:3 | Killed Jory
 66380 | Vaults:3 | Found a glowing golden altar of the Shining One.
 66450 | Vaults:3 | Paralysed by a Zot trap for 3 turns
 68004 | Vaults:4 | Reached XP level 24. HP: 172/197 MP: 0/0
 68447 | Vaults:4 | Identified the +3 scale mail of Farfalle {Fly rPois rC+ rN+
                  | Slay-6}
 69426 | Vaults:3 | Found a staircase to the Crypt.
 69426 | Vaults:3 | Found a basalt altar of Yredelemnul.
 69578 | Vaults:3 | Found a glowing golden altar of the Shining One.
 70157 | Depths:1 | Entered Level 1 of the Depths
 70157 | Depths:1 | Identified the maw talisman of Misanthropy {+Blink}
 70635 | Depths:1 | Found a one-way gateway to a ziggurat.
 70957 | Depths:1 | Found a gateway to Hell.
 70960 | Depths:1 | Found a one-way gate leading to the halls of Pandemonium.
 71065 | Depths:1 | Found a runed translucent gate.
 71065 | Depths:1 | Found a runed translucent gate.
 71065 | Depths:1 | Noticed zenocrate's ghost (adept OpDe)
 71066 | Depths:1 | Found a runed translucent gate.
 71095 | Depths:1 | Identified the amulet of Lofim {Acrobat *Slow rC+ Str-4
                  | Dex+6}
 71231 | Depths:1 | Found a basalt altar of Yredelemnul.
 71741 | Depths:1 | Found a blossoming altar of Fedhas.
 72468 | Depths:2 | Found a one-way gate to the infinite horrors of the Abyss.
 73569 | Depths:3 | Reached XP level 25. HP: 201/203 MP: 0/0
 73569 | Depths:3 | Learned a level 9 spell: Dragon's Call
 74491 | Depths:3 | Identified the +10 scimitar of the Shrinking Firefly
                  | {protect, rElec rC++ Str+3}
 74830 | Depths:3 | Noticed Sisit's ghost (adept DjCj)
 74833 | Depths:3 | Found a runed translucent door.
 74851 | Depths:3 | Killed Sisit's ghost
 75193 | Depths:3 | Found Imeblilyal's Spherical Supermarket.
 75509 | Depths:3 | Identified the Teachings on Incandescence
 75608 | Depths:4 | Entered Level 4 of the Depths
 77237 | Depths:4 | Found a gate to the Realm of Zot.
 77367 | Depths:4 | Found Poaxuvybb's Armour Emporium.
 78294 | Slime:1  | Entered Level 1 of the Pits of Slime
 78311 | Slime:2  | Noticed Dissolution
 78318 | Slime:1  | Reached skill level 1 in Invocations
 78983 | Slime:1  | Killed Dissolution
 79161 | Slime:3  | Reached XP level 26. HP: 156/211 MP: 0/0
 79167 | Slime:3  | Reached skill level 5 in Invocations
 79168 | Slime:3  | HP: 2/211 [eye of devastation/bolt of devastation (18)]
 79739 | Vaults:5 | Entered Level 5 of the Vaults
 80091 | Vaults:5 | Reached skill level 10 in Invocations
 80192 | Vaults:5 | Identified the amulet of the Solemn Apricot {Spirit Rampage
                  | Regen+}
 80205 | Vaults:5 | Noticed an ancient lich
 80209 | Vaults:5 | Killed an ancient lich
 80217 | Vaults:5 | Identified the +1 robe of Knowledge {rN+ rCorr Str-3
                  | Archmagi}
 80506 | Vaults:5 | Identified the +2 sling of Freehold {flame, Fly Str-4
                  | Dex+2}
 80657 | Vaults:5 | Identified the +7 halberd of Furha {protect, rF+}
 80744 | Vaults:5 | Identified the amulet "Mycegg Vaisk" {Acrobat Str+4}
 81002 | Vaults:5 | Identified the ring of Salvation {^Contam rElec rF+ Str+4}
 81017 | Vaults:5 | Got a silver rune of Zot
 81611 | Vaults:5 | Identified the amulet of Paranoia {RegenMP rElec rPois
                  | Slay-6 Stlth-}
 81780 | Vaults:5 | Reached XP level 27. HP: 189/218 MP: 0/0
 81780 | Vaults:5 | Learned a level 9 spell: Death's Door
 81902 | Vaults:5 | Identified the Elucidation of Production and the Crypt
 83195 | D:6      | Bought a potion of curing for 87 gold pieces
 83195 | D:6      | Bought 2 potions of curing for 174 gold pieces
 83195 | D:6      | Bought a scroll of teleportation for 87 gold pieces
 83285 | D:1      | Bought a potion of heal wounds for 70 gold pieces
 83285 | D:1      | Bought a potion of invisibility for 112 gold pieces
 83285 | D:1      | Bought a potion of brilliance for 56 gold pieces
 83285 | D:1      | Bought a potion of mutation for 112 gold pieces
 83285 | D:1      | Bought a potion of brilliance for 56 gold pieces
 83285 | D:1      | Bought a potion of ambrosia for 112 gold pieces
 83285 | D:1      | Bought a potion of heal wounds for 70 gold pieces
 83553 | Orc:2    | Bought a scroll of teleportation for 33 gold pieces
 83553 | Orc:2    | Bought a scroll of teleportation for 33 gold pieces
 83553 | Orc:2    | Bought a scroll of enchant weapon for 82 gold pieces
 83577 | Orc:2    | Bought a scroll of teleportation for 96 gold pieces
 83724 | D:13     | Bought a potion of heal wounds for 170 gold pieces
 83724 | D:13     | Bought a scroll of teleportation for 102 gold pieces
 83724 | D:13     | Bought a scroll of teleportation for 102 gold pieces
 83741 | D:13     | Bought a scroll of enchant armour for 135 gold pieces
 83741 | D:13     | Bought a scroll of fog for 72 gold pieces
 83741 | D:13     | Bought a scroll of fear for 72 gold pieces
 83763 | D:13     | Bought a scroll of teleportation for 39 gold pieces
 84409 | Depths:4 | Bought a scarf of resistance for 352 gold pieces
 84432 | Zot:1    | Entered Level 1 of the Realm of Zot
 84436 | Zot:1    | Reached skill level 1 in Long Blades
 85704 | Zot:2    | Found a huge runed translucent gate.
 85704 | Zot:2    | Found a huge runed translucent gate.
 85704 | Zot:2    | Found a huge runed translucent gate.
 85704 | Zot:2    | Found a huge runed translucent gate.
 85705 | Zot:2    | Found a huge runed translucent gate.
 85705 | Zot:2    | Found a huge runed translucent gate.
 85705 | Zot:2    | Found a huge runed translucent gate.
 85706 | Zot:2    | Found a huge runed translucent gate.
 85707 | Zot:2    | Found a huge runed translucent gate.
 85708 | Zot:2    | Found a huge runed translucent gate.
 85709 | Zot:2    | Found a huge runed translucent gate.
 85710 | Zot:2    | Found a huge runed translucent gate.
 85710 | Zot:2    | Found a huge runed translucent gate.
 85711 | Zot:2    | Found a huge runed translucent gate.
 85711 | Zot:2    | Found a huge runed translucent gate.
 85712 | Zot:2    | Found a huge runed translucent gate.
 85712 | Zot:2    | Found a huge runed translucent gate.
 85730 | Zot:2    | Reached skill level 5 in Long Blades
 85943 | Zot:2    | Found a huge runed translucent gate.
 85943 | Zot:2    | Found a huge runed translucent gate.
 85944 | Zot:2    | Found a huge runed translucent gate.
 85944 | Zot:2    | Found a huge runed translucent gate.
 85949 | Zot:2    | Found a huge runed translucent gate.
 85950 | Zot:2    | Found a huge runed translucent gate.
 85950 | Zot:2    | Found a huge runed translucent gate.
 85950 | Zot:2    | Found a huge runed translucent gate.
 85950 | Zot:2    | Found a huge runed translucent gate.
 85980 | Zot:2    | Identified the +1 falchion of Yeast {elec, Fly rPois}
 86145 | Zot:2    | Noticed Civybe Ogenn's ghost (legendary DsFi)
 86147 | Zot:2    | Noticed Uxisash's ghost (veteran DrIE)
 86147 | Zot:2    | Noticed Lethruas's ghost (veteran MfBe)
 86148 | Zot:2    | Noticed Siopp's ghost (legendary DsFi)
 86150 | Zot:2    | Noticed Civybe Ogenn's ghost (legendary DsFi)
 86150 | Zot:2    | Noticed Lethruas's ghost (veteran MfBe)
 86151 | Zot:2    | Identified the Atlas of Caskets and Flames
 86184 | Zot:2    | Found a huge runed translucent gate.
 86185 | Zot:2    | Found a huge runed translucent gate.
 86186 | Zot:2    | Found a huge runed translucent gate.
 86187 | Zot:2    | Found a huge runed translucent gate.
 86192 | Zot:2    | Found a huge runed translucent gate.
 86193 | Zot:2    | Found a huge runed translucent gate.
 86194 | Zot:2    | Found a huge runed translucent gate.
 86195 | Zot:2    | Found a huge runed translucent gate.
 86195 | Zot:2    | Found a huge runed translucent gate.
 86200 | Zot:2    | Found a huge runed translucent gate.
 86678 | Zot:2    | Noticed an orb of fire
 86683 | Zot:2    | Killed an orb of fire
 86690 | Zot:2    | Noticed an orb of fire
 86694 | Zot:2    | Killed an orb of fire
 86757 | Zot:2    | Identified the +6 orcbow of Rofon {speed, rElec Str-3
                  | Int+4}
 86809 | Zot:2    | Found a faded altar of an unknown god.
 87153 | Zot:2    | Reached skill level 15 in Shields
 89671 | Zot:5    | Entered Level 5 of the Realm of Zot
 89873 | Zot:5    | Identified the Lectures on the Breezy Congregation
 90704 | Zot:5    | Noticed an orb of fire
 90709 | Zot:5    | Killed an orb of fire
 90715 | Zot:5    | Noticed an orb of fire
 90717 | Zot:5    | Noticed an orb of fire
 90719 | Zot:5    | Killed an orb of fire
 90721 | Zot:5    | Gained mutation: Your spells are a little easier to cast,
                  | but a little less powerful. [an orb of fire]
 90723 | Zot:5    | Killed an orb of fire
 90725 | Zot:5    | Noticed an orb of fire
 90725 | Zot:5    | Noticed an orb of fire
 90727 | Zot:5    | Killed an orb of fire
 90731 | Zot:5    | Killed an orb of fire
 90734 | Zot:5    | Noticed a Killer Klown
 90740 | Zot:5    | Killed a Killer Klown
 90908 | Zot:5    | Noticed a Killer Klown
 90910 | Zot:5    | Killed a Killer Klown
 91214 | Zot:5    | Noticed an orb of fire
 91218 | Zot:5    | Killed an orb of fire
 91264 | Zot:5    | Identified the +3 hand axe "Niol" {venom, Str+5}
 91344 | Zot:5    | Noticed a Killer Klown
 91356 | Zot:5    | Killed a Killer Klown
 91375 | Zot:5    | Noticed an orb of fire
 91379 | Zot:5    | Killed an orb of fire
 91380 | Zot:5    | Reached skill level 15 in Dodging
 91728 | Zot:5    | Noticed an orb of fire
 91732 | Zot:5    | Killed an orb of fire
 92344 | Zot:5    | Noticed a Killer Klown
 92455 | Zot:5    | Noticed an orb of fire
 92459 | Zot:5    | Killed an orb of fire
 92640 | Zot:5    | Killed a Killer Klown
 93044 | Zot:5    | Got the Orb of Zot
 93650 | D:1      | Fell from the grace of Ashenzari
 93651 | D:1      | woot
 93652 | D:$      | Escaped with the Orb!

Illustrated notes

.................##............##
....>......##....##....##........
...........##..........##.[......
......##.........................
.....)##...................##....
...........................##....
#.........)......................
....##..........................#
....##..........@...........##..#
...)............>....)......##..#
.........................)...)...
.....##..........................
#....##...................##.....
..........................##.....
.........##..........##..........
.###.....##....##....##..........
.####..........##............##..


Turn 93651 on D:1: woot

Levels and vault maps discovered:
D:1:      dpeg_arrival_stonehenge_12_columns, layout_rooms, serial_shops, shop
D:2:      layout_loops_ring, chequers_ecumenical_altar_twisty, serial_shops,
          shop
D:3:      layout_loops_ring
D:4:      layout_layer_cave, minmay_temple_entry_poolview, minmay_misc_feat_chi,
          uniq_blork_the_orc
D:5:      layout_basic, mainiacjoe_overflow_catwalk, minmay_misc_feat_tiny
D:6:      layout_rooms, nicolae_dithmenos_the_darkroom, serial_shops,
          nicolae_lakefront_shop, cheibrodos_sewer_entry_bend
D:7:      layout_rooms
D:8:      layout_basic, hellmonk_lair_entry_icy
D:9:      layout_small_grid, nicolae_overflow_hallway_of_the_gods,
          mainiacjoe_overflow_alcove_2
D:10:     layout_basic, serial_rivers, chequers_serial_rivers_room_b,
          chequers_serial_rivers_large_a, chequers_serial_rivers_micro_e,
          chequers_serial_rivers_micro_c, chequers_serial_rivers_marsh,
          chequers_serial_rivers_small_b
D:11:     layout_loops_corners, hiddenorc2_lemuel, uniq_harold, uniq_erica
D:12:     layout_irregular_city, drop_trap, hex_medium, kennysheep_nub,
          uniq_lodul
D:13:     layout_cave_pools, gammafunk_ghost_necromancy, serial_shops,
          nicolae_shop_tiny_statue_garden, shop, shop, shop, uniq_josephine
D:14:     minmay_the_grid_triangle_9x9_rhombus_full_mashed
          [minmay_the_grid_triangle_9x9_cache,
          minmay_the_grid_triangle_9x9_wacky_v,
          minmay_the_grid_triangle_9x9_shrine,
          minmay_the_grid_triangle_9x9_zippers_horizontal,
          minmay_the_grid_triangle_9x9_steps,
          minmay_the_grid_triangle_9x9_stretched_checkered,
          minmay_the_grid_triangle_9x9_from_above,
          minmay_the_grid_triangle_9x9_prize_top_heavy], layout_stronghold,
          hellmonk_vaults_attempted_burglary, ebering_ghost_funeral_grove,
          bh_walls_and_bars, nrook_pool_corridor
D:15:     grunt_enter_depths_hoard, layout_cave_pools, serial_park,
          serial_park_tiny_2, serial_park_tiny_2, serial_park_tiny_2,
          serial_park_tiny_2, nicolae_kite_square_tiling_tiny, zin_scriptorium
Temple:   minmay_temple_forest_path
Lair:1:   layout_long_grid, grunt_megastairs_5
Lair:2:   layout_cave_pods, guppyfry_snake_entry_island,
          ebering_ghost_reflecting_pool, pdpol_lair_neglected_garden,
          grunt_megastairs_3
Lair:3:   layout_cave_shapes, mainiacjoe_shoals_entry_four_pools
Lair:4:   layout_big_grid, basic_altar
Lair:5:   hangedman_lair_in_review, layout_regular_city,
          minmay_slime_entry_oklob_enclosed, portal_ice_cave_entry_imps,
          basic_altar, wad_woods_road_01, ice2_lemuel, lemuel_fruit_tree
Shoals:1: layout_shoals, serial_shops, nicolae_shop_tiny_glass,
          nicolae_shoals_water_elemental_grotto
Shoals:2: layout_shoals, uniq_ilsuiw
Shoals:3: layout_shoals, nicolae_shoals_undead_eyrie
Shoals:4: shoals_end_grunt_ice, layout_shoals, shoal_ilsuiw
Snake:1:  layout_misc_corridors, uniq_roxanne
Snake:2:  layout_onion_interference, basic_altar, grunt_megastairs_1
Snake:3:  layout_basic
Snake:4:  johnstein_snake_rune_scales, layout_cave_town, st_stairs_10,
          nicolae_snake_salamander_fort, nicolae_triple_integral
Slime:1:  nicolae_slime_jelly_donut, layout_caves
Slime:2:  layout_caves, dissolution_awaits
Slime:3:  layout_caves
Slime:4:  layout_caves, cheibrodos_slime_lost_civilization_4
Orc:1:    layout_diamond_mine, minmay_orc_barracks
Orc:2:    st_orc_ogre_mass, layout_caves, serial_shops,
          nicolae_shop_tiny_real_fake_doors, shop,
          nicolae_shop_tiny_real_fake_doors, regret_index_xom_of_box
Elf:1:    layout_geoelf_octagon, minmay_elf_sorcery
Elf:2:    elven_hall_of_blades_hangedman_original
          [nicolae_blade_entry_hurt_lockers], layout_rooms,
          portal_desolation_entry_salt, basic_altar, minivault_16,
          nicolae_elf_glass_and_crystal_pillar_1
Elf:3:    minmay_elf_hall_spiked, layout_loops_corners, uniq_aizul
Vaults:1: v_misc_12, nicolae_vaults_tetromino_T_2, vaults_room_door_ring,
          nicolae_vaults_you_can_take_it_with_you, vaults_room_corners,
          vaults_room_ringed_pool, vaults_room_grid, v_misc_25, v_misc_11,
          vaults_dpeg_ring, nicolae_vaults_alarming, layout_vaults_quadrants,
          uniq_nikola
Vaults:2: nicolae_vaults_little_squares_2, nicolae_vaults_network_star,
          ontoclasm_vaults_tryst, nicolae_vaults_mitosis,
          hangedman_vaults_nodes, nicolae_vaults_ninety_degrees,
          vaults_mumra_hex, nicolae_vaults_heist, layout_vaults_big_cross,
          uniq_mara
Vaults:3: nicolae_vaults_circle_grid_a, hangedman_vaults_slice,
          vaults_room_glass_cross, minmay_crypt_entry_necro_gods,
          nicolae_vaults_stairing_the_circle, nicolae_vaults_double_plus_1,
          nicolae_vaults_house_3, nicolae_vaults_what_the_h, v_misc_18,
          nicolae_vaults_tetromino_L_1, lemuel_angel_altar,
          vaults_mumra_minichess_inversion, hangedman_vaults_stitches,
          ontoclasm_vaults_ligature, layout_vaults_maze, uniq_jory
Vaults:4: vaults_dpeg_diagonal, dpeg_vaults_monster_box, v_misc_30,
          nicolae_vaults_trapezoid_2, nicolae_vaults_spaceships,
          nicolae_vaults_sealed_display, v_misc_28, ontoclasm_vaults_twist,
          nicolae_vaults_storage_closets_3, nicolae_vaults_diamond_1,
          nicolae_vaults_tetromino_L_1, layout_vaults_chaotic_city
Vaults:5
Depths:1: layout_basic, enter_ziggurat_e, yredelemnul_altar_generic, hell_entry,
          rand_demon_pan_entry_8, biasface_ghost_demon_polymorph,
          fedhas_altar_fruit_tree, grunt_megastairs_4
Depths:2: nicolae_hitomezashi [nicolae_hito_row, nicolae_hito_row,
          nicolae_hito_row, nicolae_hito_row, nicolae_hito_row,
          nicolae_hito_row, nicolae_hito_row, nicolae_hito_row,
          nicolae_hito_row, nicolae_hito_row, nicolae_hito_row,
          nicolae_hito_row, nicolae_hito_row, nicolae_hito_row,
          nicolae_hito_row, nicolae_hito_row, nicolae_hito_row,
          nicolae_hito_row], layout_cave_pools, hangedman_abyss_entry_splay,
          pf_hell_entry_tar_spiral, infiniplex_staircase_spiral,
          grunt_pan_entry_sceptre, minmay_misc_feat_room,
          serial_sigils_hangedman_quiver
Depths:3: cheibrodos_tormentor_scu, layout_basic,
          hellmonk_ghost_happy_afterlife, grunt_hell_entry_dis_old,
          serial_sigils_hangedman_scratch, abyss_entry, tekkud_shop_of_orbs,
          infiniplex_staircase_star
Depths:4: grunt_crosshair, layout_gridville, abyss_entry, serial_glass,
          glass_columns_a, glass_columns_a, glass_columns_c, glass_columns_c,
          glass_columns_b, glass_columns_a, glass_columns_b, glass_columns_c,
          serial_shops, nicolae_shop_crystal, hell_entry, drop_trap
Zot:1:    layout_twisted_circle
Zot:2:    regret_index_infernal_bastille, layout_basic,
          gammafunk_ghost_door_vault
Zot:3:    layout_basic, hangedman_zot_decor_tridents, grunt_ministairs_7
Zot:4:    lemuel_acid_trip, layout_onion_interference
Zot:5:    layout_cathedral_of_symmetry

Skill      XL: |  1  2  3  4  5  6  7  8  9 10 11 12 13 14 15 16 17 18 19 20 21 22 23 24 25 26 27 |
---------------+----------------------------------------------------------------------------------+-----
Fighting       | 1 2 3 4 5 6 7 9 11 12 13 14 15 16 17 18 19 20 21 22 24 | 24.3
Spellcasting   | 4 5 6 7 9 10 12 13 14 15 16 18 19 20 22 23 25 | 25.0
Conjurations   | 4 5 6 7 9 10 12 13 14 15 16 18 19 20 22 23 25 | 25.0
Hexes          | 4 5 6 7 9 10 12 13 14 15 16 18 19 20 22 23 25 | 25.0
Summonings     | 4 5 6 7 9 10 12 13 14 15 16 18 19 20 22 23 25 | 25.0
Necromancy     | 4 5 6 7 9 10 12 13 14 15 16 18 19 20 22 23 25 | 25.0
Translocations | 4 5 6 7 9 10 12 13 14 15 16 18 19 20 22 23 25 | 25.0
Fire Magic     | 4 5 6 7 9 10 12 13 14 15 16 18 19 20 22 23 25 | 25.0
Ice Magic      | 4 5 6 7 9 10 12 13 14 15 16 18 19 20 22 23 25 | 25.0
Air Magic      | 4 5 6 7 9 10 12 13 14 15 16 18 19 20 22 23 25 | 25.0
Earth Magic    | 4 5 6 7 9 10 12 13 14 15 16 18 19 20 22 23 25 | 25.0
Alchemy        | 4 5 6 7 9 10 12 13 14 15 16 18 19 20 22 23 25 | 25.0
Shields        | 1 2 3 4 5 7 8 9 10 12 18 | 18.3
Dodging        | 3 4 5 6 8 9 10 11 12 17 | 17.4
Short Blades   | 3 |  3.4
Armour         | 1 5 7 9 11 12 | 12.0
Invocations    | 4 13 14 | 14.1
Long Blades    | 5 |  5.0
Stealth        | |  1.5

Action                     |  1- 3 |  4- 6 |  7- 9 | 10-12 | 13-15 | 16-18 | 19-21 | 22-24 | 25-27 || total
---------------------------+-------+-------+-------+-------+-------+-------+-------+-------+-------++-------
  Melee: Dagger            |       |       |       |       |    10 |       |       |       |       ||    10
         Staff             |       |       |       |       |     1 |     1 |     1 |       |       ||     3
   Cast: Shock             |    56 |   129 |    31 |       |       |       |     1 |       |       ||   217
         Foxfire           |     6 |    16 |    75 |       |    28 |       |       |       |       ||   125
         Airstrike         |       |       |   120 |   291 |   568 |   637 |   652 |   321 |   202 ||  2791
         Ensorcelled Hiber |       |       |     1 |       |       |     1 |       |       |       ||     2
         Borgnjor's Vile C |       |       |       |    19 |   136 |   117 |    52 |   104 |    31 ||   459
         Freezing Cloud    |       |       |       |       |    56 |    78 |    39 |    38 |     2 ||   213
         Swiftness         |       |       |       |       |     2 |       |     3 |     4 |     1 ||    10
         Tukima's Dance    |       |       |       |       |     4 |       |       |       |       ||     4
         Conjure Ball Ligh |       |       |       |       |       |     5 |    58 |    28 |     1 ||    92
         Orb of Destructio |       |       |       |       |       |       |    21 |    31 |     6 ||    58
         Anguish           |       |       |       |       |       |       |     6 |     3 |     2 ||    11
         Static Discharge  |       |       |       |       |       |       |     3 |     1 |       ||     4
         Eringya's Noxious |       |       |       |       |       |       |     1 |       |       ||     1
         Maxwell's Capacit |       |       |       |       |       |       |    71 |   204 |   368 ||   643
         Discord           |       |       |       |       |       |       |       |     3 |     2 ||     5
         Dragon's Call     |       |       |       |       |       |       |       |       |    42 ||    42
 Invoke: Curse Item        |       |     2 |     1 |     1 |     4 |       |     1 |       |     6 ||    15
         Shatter the Chain |       |       |       |       |     1 |       |     2 |       |     4 ||     7
         Renounce Religion |       |       |       |       |       |       |       |       |     1 ||     1
  Evoke: Wand              |       |       |       |       |       |       |       |       |     3 ||     3
    Use: Scroll            |       |       |       |       |       |     1 |     5 |       |    17 ||    23
         Potion            |       |       |       |       |       |       |     4 |     1 |     7 ||    12
 Armour: Robe              |     6 |    13 |     8 |       |       |       |       |       |       ||    27
         Steam dragon scal |       |       |     3 |     8 |    49 |       |       |       |       ||    60
         Troll leather arm |       |       |       |       |     1 |   100 |   261 |   278 |   314 ||   954
  Dodge: Dodged            |     4 |    13 |    12 |    10 |    32 |   103 |   142 |   190 |   173 ||   679
  Block: Other             |       |     6 |     4 |       |       |       |       |       |       ||    10
         Reflection        |       |       |     6 |     4 |    13 |    47 |    40 |       |       ||   110
         Buckler           |       |       |     6 |    20 |    38 |    96 |   134 |   126 |    65 ||   485
         Kite shield       |       |       |       |       |       |       |       |       |    86 ||    86

Table legend: (Time is in decaauts)
 A = Elapsed time spent in this place.
 B = Non-inter-level travel time spent in this place.
 C = Inter-level travel time spent in this place.
 D = Time resting spent in this place.
 E = Time spent auto-exploring this place.
 F = Levels seen in this place.
 G = Mean time per level.
                   A        B        C        D        E       F      G
               +--------+--------+--------+--------+--------+-----+--------+
         Total |  93534 |  79296 |  14238 |  24516 |  32707 |  55 | 1700.6 |
       Dungeon |  23760 |  18028 |   5732 |   4112 |  10120 |  15 | 1584.0 |
        Temple |      1 |      1 |      0 |      0 |      0 |   1 |    1.0 |
          Lair |  14396 |  12318 |   2078 |   5428 |   5076 |   5 | 2879.2 |
        Shoals |   6591 |   5956 |    635 |   2230 |   2206 |   4 | 1647.8 |
     Snake Pit |   6299 |   5718 |    581 |    986 |   2812 |   4 | 1574.8 |
    Slime Pits |   1038 |    913 |    125 |    247 |    469 |   4 |  259.5 |
  Orcish Mines |   2942 |   2257 |    685 |    906 |    847 |   2 | 1471.0 |
   Elven Halls |   5603 |   4962 |    641 |   1254 |   1551 |   3 | 1867.7 |
        Vaults |  13141 |  11204 |   1937 |   2138 |   4366 |   5 | 2628.2 |
        Depths |   7777 |   6829 |    948 |   2688 |   2274 |   4 | 1944.2 |
           Zot |   8681 |   7808 |    873 |   2773 |   2582 |   5 | 1736.2 |
         Sewer |    652 |    652 |      0 |    165 |    401 |   1 |  652.0 |
      Ice Cave |   2306 |   2306 |      0 |   1512 |      3 |   1 | 2306.0 |
    Desolation |    341 |    341 |      0 |     77 |      0 |   1 |  341.0 |
               +--------+--------+--------+--------+--------+-----+--------+

Top non-repeatable levels by time:
  Lair:5: 4981 daAuts
   Zot:5: 3463 daAuts
    D:11: 3347 daAuts
Vaults:5: 3126 daAuts
  Lair:2: 3101 daAuts
   Elf:3: 3070 daAuts
Vaults:1: 3014 daAuts
    D:14: 2810 daAuts
Vaults:3: 2742 daAuts
  Lair:1: 2631 daAuts
     D:8: 2559 daAuts
  Lair:3: 2558 daAuts
Shoals:4: 2514 daAuts
Depths:4: 2319 daAuts
   IceCv: 2306 daAuts
